 Dungeon Crawl Stone Soup version 0.28-a0-793-g31680bbd8b (webtiles) character file.

Game seed: 18323154858165577992

266 ytrimaz the Covered (level 6, -2/72 HPs)
             Began as a Demonspawn Fighter on Nov 3, 2021.
             Slain by an orc priest (7 damage)
             ... on level 3 of the Dungeon.
             The game lasted 00:03:00 (3314 turns).

ytrimaz the Covered (Demonspawn Fighter)            Turns: 3314, Time: 00:03:01

Health: -2/72      AC: 23    Str: 19    XL:     6   Next: 0%
Magic:  6/6        EV:  2    Int:  9    God:
Gold:   91         SH:  4    Dex: 12    Spells: 5/5 levels left

rFire   . . .      SeeInvis .   f - +0 dagger (speed)
rCold   . . .      Faith    .   c - +0 buckler
rNeg    . . .      Spirit   .   (armour currently unavailable)
rPois   +          Reflect  .   (helmet currently unavailable)
rElec   .          Harm     .   (cloak currently unavailable)
rCorr   .          Rampage  .   (gloves currently unavailable)
Will    .....      NoTele   +   (boots currently unavailable)
Stlth   +.........              (no amulet)
HPRegen 0.22/turn               (no ring)
MPRegen 0.10/turn               (no ring)

@: tree-form (expiring)
A: stationary, stasis, torment immunity, boosted hp, (hooves 1), powered by pain
1, (sanguine armour 1)
a: no special abilities


You were on level 3 of the Dungeon.
You were a tree.
You visited 1 branch of the dungeon, and saw 3 of its levels.

You collected 91 gold pieces.

Inventory:

Hand Weapons
 f - a +0 dagger of speed (weapon)
Armour
 b - a +0 scale mail (melded)
 c - a +0 buckler (worn)
 e - a +0 cloak (melded)
Scrolls
 a - a scroll of enchant weapon {unknown}
 d - a scroll of amnesia {unknown}
 j - a scroll of teleportation {unknown}
Potions
 g - a potion of flight
 i - a potion of attraction {unknown}


   Skills:
 + Level 3.7 Fighting
 - Level 2.1 Axes
 + Level 4.2 Armour
 * Level 2.6 Dodging
 + Level 3.4 Shields


You had 5 spell levels left.
You didn't know any spells.
Your spell library was empty.

Dungeon Overview and Level Annotations

Branches:
Dungeon (3/15)

Altars:
Fedhas
Makhleb
Yredelemnul


Innate Abilities, Weirdness & Mutations

You are a tree.
Your roots penetrate the ground, keeping you stationary.
You cannot be teleported.
You are immune to unholy pain and torment.
Your maximum health is greatly increased.
Your equipment is partially melded.
((You have large cloven feet.))
You sometimes gain a little power by taking damage.
((When seriously injured, your bleeding wounds create armour. (AC +0)))


Message History

You block the orc priest's attack.
You hit the orc priest but do no damage.
The orc priest is heavily wounded.
The orc priest hits you with a +0 falchion.
* * * LOW HITPOINT WARNING * * *
You hit the orc priest.
The orc priest is heavily wounded.
You hit the orc priest.
The orc priest is heavily wounded.
The orc priest hits you but does no damage.
You barely miss the orc priest.
The orc priest is heavily wounded.
The orc priest hits you but does no damage.
You hit the orc priest but do no damage.
The orc priest is heavily wounded.
You hit the orc priest.
The orc priest is severely wounded.
The orc priest hits you with a +0 falchion.
* * * LOW HITPOINT WARNING * * *
You hit the orc priest but do no damage.
The orc priest is severely wounded.
The orc priest hits you but does no damage.
You hit the orc priest but do no damage.
The orc priest is severely wounded.
You hit the orc priest but do no damage.
The orc priest is severely wounded.
You block the orc priest's attack.
You hit the orc priest but do no damage.
The orc priest is severely wounded.
The orc priest hits you but does no damage.
You hit the orc priest but do no damage.
The orc priest is severely wounded.
Your transformation is almost over.
You hit the orc priest.
The orc priest is almost dead.
The orc priest looks encouraged for a moment.
You barely miss the orc priest.
The orc priest is almost dead.
The orc priest hits you with a +0 falchion!
You die...

##.#.## ##.##
#.# ########.#
.....##.#
.!#.##.#
#.#.##.#
##.#.##.#
#)..oo♣.#
........#.####
.#.#.##=#.# #
....# ##.###
..# ##.# .#.


You could see an orc priest and an orc.

Vanquished Creatures
  An orc priest (D:3)
  A jelly (D:3)
  An iguana (D:3)
  An orc wizard (D:3)
  Natasha (twice) (D:2)
  An adder (D:2)
  A white imp (D:3)
  2 worms (D:2)
  A dart slug (D:3)
  4 orcs (D:3)
  2 ball pythons
  4 bats
  12 endoplasms
  A giant cockroach (D:2)
  8 goblins
  5 hobgoblins
  6 jackals (D:2)
  4 quokkas (D:1)
  5 frilled lizards
  3 kobolds (D:1)
  7 rats
72 creatures vanquished.

Vanquished Creatures (others)
  A plant (D:3)
1 creature vanquished.

Grand Total: 73 creatures vanquished

Notes
Turn   | Place    | Note
-------+----------+-------------------------------------------
     0 | D:1      | ytrimaz the Demonspawn Fighter began the quest for the Orb.
     0 | D:1      | Reached XP level 1. HP: 18/18 MP: 1/1
   133 | D:1      | Gained mutation: You sometimes gain a little power by
                  | taking damage. [demonic ancestry]
   133 | D:1      | Reached XP level 2. HP: 12/24 MP: 2/2
   623 | D:1      | Reached skill level 3 in Armour
   840 | D:1      | Gained mutation: You have large cloven feet. [demonic
                  | ancestry]
   840 | D:1      | Reached XP level 3. HP: 21/29 MP: 3/3
   973 | D:1      | Found a faded altar of an unknown god.
  1118 | D:2      | Found a burning altar of Makhleb.
  1168 | D:2      | Reached skill level 1 in Dodging
  1813 | D:2      | Noticed Natasha
  1828 | D:2      | Killed Natasha
  1829 | D:2      | Reached XP level 4. HP: 30/35 MP: 4/4
  2162 | D:2      | Noticed Natasha
  2178 | D:2      | Killed Natasha
  2429 | D:3      | Found a basalt altar of Yredelemnul.
  2535 | D:3      | Gained mutation: When seriously injured, your bleeding
                  | wounds create armour. (AC +0) [demonic ancestry]
  2535 | D:3      | Reached XP level 5. HP: 17/41 MP: 5/5
  2545 | D:3      | Reached skill level 4 in Armour
  2753 | D:3      | Found a blossoming altar of Fedhas.
  3289 | D:3      | Reached XP level 6. HP: 10/48 MP: 6/6
  3314 | D:3      | Slain by an orc priest

Illustrated notes

Levels and vault maps discovered:
D:1:      wheals_arrival_shading, layout_rooms,
          shapermc_ecumenical_altar_pompeii
D:2:      layout_loops_cross, basic_altar, minmay_rat_gold_closets, uniq_natasha
D:3:      layout_loops_corners, fedhas_ov_isle_minmay, yredelemnul_altar_generic

Skill      XL: |  1  2  3  4  5 |
---------------+----------------+-----
Axes           | 2 |  2.1
Armour         | 3 4 |  4.2
Dodging        | 1 2 |  2.6
Shields        | 3 |  3.4
Fighting       | |  3.7

Action                   |  1- 3 |  4- 6 || total
-------------------------+-------+-------++-------
Melee: War axe           |    36 |       ||    36
       Dagger            |   152 |   189 ||   341
       Kick              |    26 |    54 ||    80
  Use: Scroll            |     1 |       ||     1
       Potion            |       |     2 ||     2
Armor: Scale mail        |    58 |    42 ||   100
       Skin              |       |     6 ||     6
Dodge: Dodged            |    61 |    66 ||   127
Block: Buckler           |    33 |    28 ||    61

Table legend: (Time is in decaauts)
 A = Elapsed time spent in this place.
 B = Non-inter-level travel time spent in this place.
 C = Inter-level travel time spent in this place.
 D = Time resting spent in this place.
 E = Time spent auto-exploring this place.
 F = Levels seen in this place.
 G = Mean time per level.
                   A        B        C        D        E       F      G
               +--------+--------+--------+--------+--------+-----+--------+
         Total |   3230 |   3200 |     30 |      0 |   2611 |   3 | 1076.7 |
       Dungeon |   3230 |   3200 |     30 |      0 |   2611 |   3 | 1076.7 |
               +--------+--------+--------+--------+--------+-----+--------+

Top non-repeatable levels by time:
     D:2: 1134 daAuts
     D:3: 1053 daAuts
     D:1: 1042 daAuts
